 Dungeon Crawl Stone Soup version 0.27.0-1-g7a089689b8 (webtiles) character file.

Game seed: 2107000700842571094

12 Spaninq the Grave Robber (level 2, 24/24 HPs)
             Began as a Minotaur Necromancer on Aug 2, 2021.
             Was a Plaything of Xom.
             Quit the game on level 1 of the Dungeon.
             The game lasted 00:02:07 (1013 turns).

Spaninq the Grave Robber (Minotaur Necromancer)     Turns: 1013, Time: 00:02:08

Health: 24/24      AC:  3    Str: 12    XL:     2   Next: 20%
Magic:  3/3        EV: 12    Int: 12    God:    Xom [..*...]
Gold:   0          SH:  0    Dex: 10    Spells: 2/3 levels left

rFire    . . .     SeeInvis .   c - +0 whip
rCold    . . .     Faith    .   (no shield)
rNeg     . . .     Spirit   .   a - +0 robe
rPois    .         Reflect  .   (helmet restricted)
rElec    .         Harm     .   (no cloak)
rCorr    .         Rampage  .   e - +0 pair of gloves
Will     .....                  (no boots)
Stlth    ++........             (no amulet)
HPRegen  0.08/turn              (no ring)
MPRegen  0.08/turn              (no ring)

@: no status effects
A: horns 2, retaliatory headbutt
a: Renounce Religion


You were on level 1 of the Dungeon.
You worshipped Xom.
You were a toy of Xom.
You visited 1 branch of the dungeon, and saw 1 of its levels.

Inventory:

Hand Weapons
 b - a +0 mace
 c - a +0 whip (weapon)
Armour
 a - a +0 robe (worn)
 e - a +0 pair of gloves (worn)
Scrolls
 f - a scroll of identify {unknown}
 g - a scroll of immolation {unknown}
Potions
 d - a potion of lignification {unknown}
 h - a potion of resistance {unknown}


   Skills:
 + Level 1.8 Fighting
 * Level 1.2 Maces & Flails
 - Level 2.1 Dodging
 - Level 1.5 Stealth
 - Level 1.3 Spellcasting
 - Level 2.9 Necromancy


You had 2 spell levels left.
You knew the following spells:

 Your Spells              Type           Power      Damage    Failure   Level
a - Pain                  Necr           28%        1d5       9%          1

Your spell library contained the following spells:

 Spells                   Type           Power      Damage    Failure   Level
 Animate Skeleton         Necr           14%        N/A       9%          1
 Vampiric Draining        Necr           3%         2d6       26%         3
 Animate Dead             Necr           3%         N/A       65%         4
 Agony                    Necr           7%         N/A       94%         5


Dungeon Overview and Level Annotations

Branches:
Dungeon (1/15)

Altars:
Xom

Shops:
D:1 *


Innate Abilities, Weirdness & Mutations

You have a pair of horns on your head.
You reflexively headbutt those who attack you in melee.


Message History

You hit the hobgoblin. Your headbutt misses the hobgoblin.
The hobgoblin is moderately wounded.
The hobgoblin hits you.
You hit the hobgoblin.
The hobgoblin is severely wounded.
The hobgoblin closely misses you.
You barely miss the hobgoblin. You headbutt the hobgoblin.
You kill the hobgoblin!
You see here a quokka corpse.
Magic restored.
Found Osan Dusch's General Store.
Found a pair of gloves.
You see here a +0 pair of gloves.
e - a +0 pair of gloves You start putting on your armour.
You continue putting on your +0 pair of gloves. x4
You finish putting on your +0 pair of gloves.
There is an entrance to Osan Dusch's General Store here.
There is a fountain of clear blue water here.
A rat comes into view.
You hit the rat.
You kill the rat!
You see here a rat corpse.
f - a scroll labelled YMAWNI AROGA
g - a scroll labelled AMOEBRA TOWOPSY
h - a murky sapphire potion
Found a short sword.
Found a faded altar of an unknown god.
There is a faded altar of an unknown god here.
You see here a -2 short sword.
You cannot tell which god this altar belongs to.
Convert to them anyway?
Xom accepts your prayer! Xom welcomes you!
Xom is very interested.
Found a stone staircase leading down.
A bat comes into view.
The bat hits you but does no damage.
Found an amethyst potion.
The bat closely misses you. The bat barely misses you.
The bat closely misses you.
Are you sure you want to abandon this character and quit the game? (Confirm with "yes".)

...###.###########.#
#.# #.## #.# #.......#
#.# .## #.# #.#####.#
#.# ## #+# #.# #.# #.#
##.# # #.# #..##
#.#####.# ##.#.## ##
#.......########.....#
.+
+.b..@................
##
###....#######.......#
#>...# ##.....##
#..#.# ##...## #..#.#
##..# ######+# #...!#
##.# .....#.### #.#..#
#.# ###......# #. .#
##.### # #..#.#.#
#.....


You could see a bat.

Vanquished Creatures
  2 hobgoblins (D:1)
  2 jackals (D:1)
  2 quokkas (D:1)
  A bat (D:1)
  2 frilled lizards (D:1)
  A kobold (D:1)
  2 rats (D:1)
12 creatures vanquished.

Notes
Turn   | Place    | Note
-------+----------+-------------------------------------------
     0 | D:1      | Spaninq the Minotaur Necromancer began the quest for the
                  | Orb.
     0 | D:1      | Reached XP level 1. HP: 14/14 MP: 1/1
   123 | D:1      | Reached skill level 1 in Fighting
   513 | D:1      | Reached XP level 2. HP: 24/24 MP: 3/3
   523 | D:1      | Reached skill level 1 in Maces & Flails
   849 | D:1      | Found Osan Dusch's General Store.
   987 | D:1      | Found a faded altar of an unknown god.
   995 | D:1      | Became a worshipper of Xom of Chaos
  1013 | D:1      | Quit the game

Illustrated notes

Levels and vault maps discovered:
D:1:      evilmike_arrival_hilbert_curve, layout_loops_corners,
          ebering_ecumenical_altar_rust, serial_shops, shop_fountains

Skill      XL: |  1  2 |
---------------+-------+-----
Fighting       | 1 |  1.8
Maces & Flails | 1 |  1.2
Dodging        | |  2.1
Stealth        | |  1.5
Spellcasting   | |  1.3
Necromancy     | |  2.9

Action                   || total
-------------------------++-------
Melee: Unarmed           ||    20
       Headbutt          ||     6
       Mace              ||     2
       Whip              ||    12
 Cast: Pain              ||     3
 Stab: Sleeping          ||     2
Armor: Robe              ||    10
Dodge: Dodged            ||    27
